 Dungeon Crawl Stone Soup version 0.31-a0-331-geda263fcf1 (webtiles) character file.

Game seed: 3667356111733766742

51 bmack86 the Chopper (level 3, -4/31 HPs)
             Began as a Minotaur Fighter on July 19, 2023.
             Slain by Sigmund
             ... wielding a +0 scythe
              (8 damage)
             ... on level 2 of the Dungeon.
             The game lasted 00:03:58 (1064 turns).

bmack86 the Chopper (Minotaur Fighter)              Turns: 1064, Time: 00:03:58

Health: -4/31      AC:  6    Str: 22    XL:     3   Next: 57%
Magic:  2/2        EV:  9    Int:  5    God:
Gold:   149        SH:  4    Dex:  9    Spells: 2/2 levels left

rFire   . . .        a - +0 war axe
rCold   . . .        c - +0 buckler
rNeg    . . .        b - +0 scale mail
rPois   .            (helmet restricted)
rElec   .            (no cloak)
rCorr   .            (no gloves)
SInv    .            (no boots)
Will    .....        (no amulet) Stlth
                     (no ring)
HPRegen 0.25/turn    (no ring)
MPRegen 0.08/turn

%: no passive effects
@: mighty
A: horns 2, retaliatory headbutt
a: no special abilities


You were on level 2 of the Dungeon.
You visited 1 branch of the dungeon, and saw 2 of its levels.

You collected 149 gold pieces.

Inventory:

Hand Weapons
 a - a +0 war axe (weapon)
Armour
 b - a +0 scale mail (worn)
 c - a +0 buckler (worn)
Wands
 n - a wand of paralysis (9) (quivered)
Scrolls
 f - 2 scrolls of teleportation {unknown}
 i - a scroll of identify {unknown}
 m - a scroll of silence {unknown}
Potions
 e - a potion of degeneration {unknown}
 g - a potion of enlightenment {unknown}
 h - a potion of attraction {unknown}
 j - a potion of heal wounds {unknown}
 k - a potion of lignification {unknown}
 l - a potion of cancellation {unknown}


   Skills:
 - Level 3.6 Fighting
 + Level 4.9 Axes
 - Level 3.6 Armour
 - Level 3.6 Shields


You had 2 spell levels left.
You didn't know any spells.
Your spell library was empty.

Dungeon Overview and Level Annotations

Branches:
Dungeon (2/15)

Altars:
Elyvilon

Annotations:
D:2 Sigmund


Innate Abilities, Weirdness & Mutations

You have a pair of horns on your head.
You reflexively headbutt those who attack you in melee.


Message History

You slash the ball python!
You kill the ball python!
You now have 143 gold pieces (gained 6).
You now have 149 gold pieces (gained 6).
Sigmund the Dreaded comes into view.
He is wielding a +0 scythe.
Found a scroll labelled ISHIZXULOT.
Sigmund shouts!
You feel very mighty all of a sudden.
Sigmund says, "Look into my eyes."
Sigmund points at you and mumbles some strange words.
You are confused.
You bump into the rock wall.
Sigmund hits you but does no damage.
You bump into the rock wall.
Sigmund gestures at you while chanting. The puff of flame hits you!
You bump into the rock wall.
Sigmund says, "Your kind have come here before.
I understand now why.
You desire death..."
Sigmund barely misses you.
Sigmund casts a spell.
Sigmund flickers and vanishes!
Deactivating autopickup; reactivate with Ctrl-A.
You slash something!
You hear some strange, mumbled words.
You are more confused.
You closely miss something. Your headbutt misses something. Something hits you!
Something hits you!
* * * LOW HITPOINT WARNING * * *
You bump into the rock wall.
Something hits you.
* * * LOW HITPOINT WARNING * * *
You bump into the rock wall.
You hear some strange, mumbled words.
Something tries to affect you, but you resist.
You hear some strange, mumbled words.
Something tries to affect you, but you resist.
You closely miss something. Your headbutt misses something. Something hits you.
* * * LOW HITPOINT WARNING * * *
You miss something.
You feel less confused. Something hits you!
You die...

#...##### .......#
#........ ......#
#........ .....#
#...####. .....
##### #. ...#
...####. .?#
#...... #{#
######.
#@###############.
#.................
###############...
### ######....##
###.#
####......#####
#...# #(...######
#.#.# ####.####
#### ###.#.#
##....# #...
##.....# #..####
#.##


There were no monsters in sight!

Vanquished Creatures
  An adder (D:2)
  3 dart slugs
  4 endoplasms
  2 giant cockroaches
  3 goblins
  A hobgoblin (D:1)
  A quokka (D:1)
  6 ball pythons
  4 bats
  3 frilled lizards
  3 kobolds
  5 rats
36 creatures vanquished.

Notes
Turn   | Place    | Note
-------+----------+-------------------------------------------
     0 | D:1      | bmack86 the Minotaur Fighter began the quest for the Orb.
     0 | D:1      | Reached XP level 1. HP: 19/19 MP: 0/0
    66 | D:1      | You fall into a shaft and drop 1 floor!
    87 | D:2      | Reached skill level 3 in Axes
    87 | D:2      | Reached XP level 2. HP: 20/26 MP: 1/1
   113 | D:2      | Reached skill level 4 in Axes
   115 | D:2      | Found a white marble altar of Elyvilon.
   298 | D:1      | Reached XP level 3. HP: 31/31 MP: 2/2
   784 | D:2      | Found a faded altar of an unknown god.
  1050 | D:2      | Noticed Sigmund
  1064 | D:2      | Slain by Sigmund

Illustrated notes

Levels and vault maps discovered:
D:1:      nicolae_arrival_memento_mori, layout_basic, dreamdust_wishing_well
D:2:      layout_rooms, basic_altar, hellmonk_ecumenical_altar_lost_god,
          uniq_sigmund

Skill      XL: |  1  2 |
---------------+-------+-----
Axes           | 3 4 |  4.9
Fighting       | |  3.6
Armour         | |  3.6
Shields        | |  3.6

Action                     || total
---------------------------++-------
  Melee: War axe           ||    71
         Headbutt          ||     5
    Use: Potion            ||     1
 Armour: Scale mail        ||    41
  Dodge: Dodged            ||    38
  Block: Buckler           ||    15

Table legend: (Time is in decaauts)
 A = Elapsed time spent in this place.
 B = Non-inter-level travel time spent in this place.
 C = Inter-level travel time spent in this place.
 D = Time resting spent in this place.
 E = Time spent auto-exploring this place.
 F = Levels seen in this place.
 G = Mean time per level.
                   A        B        C        D        E       F      G
               +--------+--------+--------+--------+--------+-----+--------+
         Total |   1086 |   1078 |      8 |      0 |    654 |   2 |  543.0 |
       Dungeon |   1086 |   1078 |      8 |      0 |    654 |   2 |  543.0 |
               +--------+--------+--------+--------+--------+-----+--------+

Top non-repeatable levels by time:
     D:1: 622 daAuts
     D:2: 463 daAuts
